 Dungeon Crawl Stone Soup version 0.28-a0-1002-gf00fe891ef (webtiles) character file.

Game seed: 4613277859338059971

577 Umoon2 the Ducker (level 7, -5/82 HPs)
             Began as a Demonspawn Gladiator on Dec 7, 2021.
             Was an Initiate of Ru.
             Slain by Duvessa (6 damage)
             ... on level 5 of the Dungeon.
             The game lasted 00:09:29 (6340 turns).

Umoon2 the Ducker (Demonspawn Gladiator)            Turns: 6340, Time: 00:09:29

Health: -5/82      AC: 23    Str: 17    XL:     7   Next: 13%
Magic:  7/7        EV:  2    Int:  9    God:    Ru [......]
Gold:   559        SH:  0    Dex: 14    Spells: 6/6 levels left

rFire   . . .      SeeInvis .   a - +0 rapier
rCold   . . .      Faith    .   (no shield)
rNeg    . . .      Spirit   .   (armour currently unavailable)
rPois   +          Reflect  .   (helmet currently unavailable)
rElec   .          Harm     .   (cloak currently unavailable)
rCorr   .          Rampage  .   (gloves currently unavailable)
Will    .....      NoTele   +   (boots currently unavailable)
Stlth   +.........              (no amulet)
HPRegen 0.23/turn               (no ring)
MPRegen 0.10/turn               (no ring)

@: brilliant, tree-form, hasted, very quick
A: stationary, stasis, torment immunity, boosted hp, (slimy green scales 1),
powered by pain 1, (spiny 1)
a: Renounce Religion


You were on level 5 of the Dungeon.
You worshipped Ru.
Ru was noncommittal.
You were a tree.
You visited 2 branches of the dungeon, and saw 6 of its levels.
You also visited: Ossuary.

You collected 559 gold pieces.

Inventory:

Hand Weapons
 a - a +0 rapier (weapon)
Missiles
 d - 3 throwing nets (quivered)
Armour
 b - a +0 leather armour
 c - a +0 helmet (melded)
 l - a +1 scale mail of cold resistance (melded)
Jewellery
 f - an amulet of reflection
 h - a ring of flight
 t - a ring of magical power
Scrolls
 e - a scroll of holy word
 k - a scroll of summoning
 o - 2 scrolls of teleportation
 p - a scroll of fear
 q - a scroll of magic mapping
 r - a scroll of immolation
 s - a scroll of noise
 v - a scroll of enchant weapon
 y - 2 scrolls of amnesia
 z - a scroll of silence {unknown}
Potions
 i - a potion of brilliance
 j - a potion of flight
 m - a potion of curing
 n - a potion of cancellation {unknown}
 u - a potion of haste
 w - a potion of lignification
 x - a potion of degeneration {unknown}


   Skills:
 + Level 4.7 Fighting
 - Level 2.6 Short Blades
 - Level 1.7 Throwing
 + Level 3.7 Armour
 + Level 4.8 Dodging


You had 6 spell levels left.
You didn't know any spells.
Your spell library contained the following spells:

 Spells                   Type           Power      Damage    Failure   Level
 Animate Skeleton         Necr           0%         N/A       38%         1
 Pain                     Necr           0%         1d4       38%         1
 Slow                     Hex            0%         N/A       38%         1
 Static Discharge         Conj/Air       0%         N/A       52%         2
 Confusing Touch          Hex            0%         N/A       77%         3
 Vampiric Draining        Necr           0%         2d6       77%         3
 Dispel Undead            Necr           0%         3d6       99%         4
 Sticky Flame             Conj/Fire      0%         2d3       99%         4


Dungeon Overview and Level Annotations

Branches:
Dungeon (5/15)             Temple (1/1) D:4         Ossuary (visited)

Altars:
Ashenzari
Cheibriados
Dithmenos
Elyvilon
Fedhas
Gozag
Hepliaklqana
Kikubaaqudgha
Makhleb
Nemelex Xobeh
Okawaru
Qazlal
Ru
Sif Muna
Trog
Uskayaw
Vehumet
Wu Jian
Xom
Yredelemnul
Zin
The Shining One

Shops:
D:3 [

Annotations:
D:5 Dowan, Duvessa


Innate Abilities, Weirdness & Mutations

You are a tree.
Your roots penetrate the ground, keeping you stationary.
You cannot be teleported.
You are immune to unholy pain and torment.
Your maximum health is greatly increased.
Your equipment is partially melded.
((You are partially covered in slimy green scales. (AC +2)))
You sometimes gain a little power by taking damage.
((You are partially covered in sharp spines.))


Message History

You feel very buoyant.
You fly up into the air.
* * * LOW HITPOINT WARNING * * *
You feel very sick. Duvessa closely misses you.
Dowan gestures wildly while chanting.
Dowan blinks!
It was a potion of curing.
You feel better. Duvessa barely misses you.
Dowan mumbles some strange words.
Dowan blinks!
You barely miss Duvessa.
Duvessa is moderately wounded.
Duvessa hits you but does no damage.
Okay, then.
You barely miss Duvessa.
Duvessa is moderately wounded.
Duvessa is struck by your spines. Duvessa hits you with a +0 rapier.
* * * LOW HITPOINT WARNING * * *
You barely miss Duvessa.
Duvessa is moderately wounded.
Duvessa says, "When magic and the sword combine, nothing stands against them."
Duvessa hits you but does no damage.
Unknown command.
You aren't carrying any items that you can evoke.
You hit Duvessa but do no damage.
Duvessa is moderately wounded.
Duvessa hits you with a +0 rapier.
* * * LOW HITPOINT WARNING * * *
Dowan says, "There's a certain beauty in death, don't you think?"
Dowan casts a spell.
Dowan blinks!
It was a potion of haste.
You feel yourself speed up. Duvessa is struck by your spines.
Duvessa hits you with a +0 rapier!
* * * LOW HITPOINT WARNING * * *
It was a potion of lignification.
You turn into a tree.
Your +0 helmet melds into your body.
Your +1 scale mail of cold resistance melds into your body.
You feel less resistant to cold.
Your roots penetrate the ground.
Duvessa hits you with a +0 rapier.
You die...

##..............#
##...
#........>......# ...
#...............#
#........>......##
#................##
###.#................
#......#.........#
#......##...#...##
#......######♣###
#......# #e.#
#......# .....
#......# ........
#......# #....§...#
######## #.....e..#
#........# #.......!#


You could see Duvessa and Dowan.

Vanquished Creatures
  A phantom (D:5)
  A centaur skeleton (D:4)
  2 orc priests (D:1)
  3 orc wizards
  Jessica (D:2)
  An iguana (D:4)
  Terence (D:2)
  8 mummies (Ossuary)
  Robin (D:1)
  3 gnolls
  2 adders (D:2)
  2 worms
  4 dart slugs
  14 orcs
  3 endoplasms
  2 giant cockroaches (D:2)
  10 hobgoblins
  A kobold (D:3)
  3 quokkas
  3 ball pythons
  4 bats
  2 frilled lizards
  3 gnoll zombies (Ossuary)
  10 goblins
  3 hobgoblin zombies (Ossuary)
  A kobold zombie (Ossuary)
  An orc zombie (Ossuary)
  4 rats (D:4)
94 creatures vanquished.

Notes
Turn   | Place    | Note
-------+----------+-------------------------------------------
     0 | D:1      | Umoon2 the Demonspawn Gladiator began the quest for the
                  | Orb.
     0 | D:1      | Reached XP level 1. HP: 16/16 MP: 1/1
   492 | D:1      | Gained mutation: You are partially covered in sharp spines.
                  | [demonic ancestry]
   492 | D:1      | Reached XP level 2. HP: 22/22 MP: 2/2
   812 | D:2      | Reached skill level 1 in Armour
  1181 | D:2      | Noticed Jessica
  1205 | D:2      | Killed Jessica
  1206 | D:2      | Reached XP level 3. HP: 28/28 MP: 3/3
  1248 | D:2      | Noticed Robin
  1273 | D:1      | Killed Robin
  1366 | D:2      | Reached XP level 4. HP: 19/34 MP: 4/4
  1735 | D:2      | Found a faded altar of an unknown god.
  1926 | D:2      | Noticed Terence
  1961 | D:2      | Killed Terence
  2469 | D:1      | Gained mutation: You sometimes gain a little power by
                  | taking damage. [demonic ancestry]
  2469 | D:1      | Reached XP level 5. HP: 31/41 MP: 5/5
  3944 | D:3      | Found Waba Feam's Antique Armour Shop.
  4319 | D:4      | Reached XP level 6. HP: 14/45 MP: 6/6
  4393 | D:4      | Found a staircase to the Ecumenical Temple.
  4425 | D:4      | Found a sand-covered staircase.
  4568 | Ossuary  | Entered an ossuary
  5713 | D:4      | Noticed a moth of wrath
  5716 | D:4      | Found a bloodstained altar of Trog.
  5786 | D:5      | Entered Level 5 of the Dungeon
  5815 | Temple   | Entered the Ecumenical Temple
  5894 | Temple   | Became a worshipper of Ru the Awakened
  6189 | D:5      | Gained mutation: You are partially covered in slimy green
                  | scales. (AC +2) [demonic ancestry]
  6189 | D:5      | Reached XP level 7. HP: 33/55 MP: 7/7
  6321 | D:5      | Noticed Dowan
  6322 | D:5      | Noticed Duvessa
  6333 | D:5      | HP: 1/55 [poisoned by Dowan]
  6339 | D:5      | HP: 1/55 [Duvessa (7)]
  6340 | D:5      | Slain by Duvessa

Illustrated notes

Levels and vault maps discovered:
D:1:      dpeg_arrival_tiny_f, layout_loops_ring, grunt_decor_cap
D:2:      cheibrodos_pilgrimage, layout_rooms,
          shapermc_ecumenical_altar_starsandcircs, uniq_jessica, uniq_terence,
          uniq_robin
D:3:      layout_loops_cross, serial_shops, shop,
          wander_ebering_terrifying_dragon_lair
D:4:      layout_basic, tgw_trog, minmay_temple_entry_stoned_glass,
          nicolae_ossuary_entry_false_entrances
D:5:      layout_rooms, uniq_duvessa
Temple:   mainiacjoe_temple_starburst

Skill      XL: |  1  2  3  4  5  6 |
---------------+-------------------+-----
Armour         | 1 2 3 |  3.7
Dodging        | 3 4 |  4.8
Fighting       | 3 4 |  4.7
Short Blades   | |  2.6
Throwing       | |  1.7

Action                   |  1- 3 |  4- 6 |  7- 9 || total
-------------------------+-------+-------+-------++-------
Melee: Rapier            |    53 |   219 |    12 ||   284
  Use: Scroll            |       |     9 |       ||     9
       Potion            |       |       |     5 ||     5
 Stab: Sleeping          |     1 |       |       ||     1
Armor: Leather armour    |     6 |     6 |       ||    12
       Scale mail        |       |    78 |    10 ||    88
Dodge: Dodged            |    27 |   114 |     8 ||   149

Table legend: (Time is in decaauts)
 A = Elapsed time spent in this place.
 B = Non-inter-level travel time spent in this place.
 C = Inter-level travel time spent in this place.
 D = Time resting spent in this place.
 E = Time spent auto-exploring this place.
 F = Levels seen in this place.
 G = Mean time per level.
                   A        B        C        D        E       F      G
               +--------+--------+--------+--------+--------+-----+--------+
         Total |   6371 |   6267 |    104 |   2384 |   2707 |   7 |  910.1 |
       Dungeon |   5519 |   5455 |     64 |   1888 |   2614 |   5 | 1103.8 |
        Temple |    134 |     94 |     40 |      0 |     53 |   1 |  134.0 |
       Ossuary |    717 |    717 |      0 |    496 |     40 |   1 |  717.0 |
               +--------+--------+--------+--------+--------+-----+--------+

Top non-repeatable levels by time:
     D:1: 1661 daAuts
     D:2: 1567 daAuts
     D:4: 1071 daAuts
     D:3: 929 daAuts
 Ossuary: 717 daAuts
     D:5: 290 daAuts
  Temple: 134 daAuts
